 Dungeon Crawl Stone Soup version 0.30-a0-34-gbe8da3892a (webtiles) character file.

Game seed: 5536529836876131836

5 nicknak712 the Grave Robber (level 1, 13/13 HPs)
             Began as a Demonspawn Necromancer on Nov 7, 2021.
             Quit the game on level 1 of the Dungeon on Aug 27, 2022.
             The game lasted 00:05:49 (238 turns).

nicknak712 the Grave Robber (Demonspawn Necromancer) Turns: 238, Time: 00:05:49

Health: 13/13      AC:  2    Str:  8    XL:     1   Next: 66%
Magic:  3/3        EV: 12    Int: 16    God:
Gold:   12         SH:  0    Dex: 13    Spells: 2/4 levels left

rFire   . . .      SeeInvis .    b - +0 whip
rCold   . . .      Faith    .    (no shield)
rNeg    . . .      Spirit   .    a - +0 robe
rPois   .          Reflect  .    (no helmet)
rElec   .          Harm     .    (no cloak)
rCorr   .          Rampage  .    (no gloves)
Will    .....                    (no boots)
Stlth   ++........               (no amulet)
HPRegen 0.04/turn                (no ring)
MPRegen 0.08/turn                (no ring)

@: no status effects
A: no striking features
a: no special abilities


You were on level 1 of the Dungeon.
You visited 1 branch of the dungeon, and saw 1 of its levels.

You collected 12 gold pieces.

Inventory:

Hand Weapons
 b - a +0 whip (weapon)
Armour
 a - a +0 robe (worn)


   Skills:
 + Level 0.0 Fighting
 * Level 2.0 Dodging
 + Level 1.9 Stealth
 + Level 2.0 Spellcasting
 + Level 4.4 Necromancy


You had 2 spell levels left.
You knew the following spells:

 Your Spells              Type           Power      Damage    Failure   Level
a - Pain                  Necr           60%        1d7       3%          1
b - Animate Skeleton      Necr           30%        N/A       3%          1

Your spell library contained the following spells:

 Spells                   Type           Power      Damage    Failure   Level
 Vampiric Draining        Necr           15%        2d7       10%         3
 Animate Dead             Necr           15%        N/A       32%         4
 Portal Projectile        Hex/Tloc       2%         N/A       52%         3
 Agony                    Necr           15%        N/A       67%         5
 Blade Hands              Tmut           0%         N/A       99%         5


Dungeon Overview and Level Annotations

Branches:
Dungeon (1/15)

Altars:


Message History

There is nothing nearby to animate!
You see here a +0 whip.
You swap places.
Casting: Animate Skeleton (safe; 3% risk of failure)
Confirm with . or Enter, or press ? or * to list all spells.
There is nothing nearby to animate!
You swap places.
You see here a +0 whip.
b - a +0 whip
b - a +0 whip (weapon)
Unknown command.
You start resting.
HP restored.
You start resting.
Magic restored.
Your goblin skeleton crumbles into dust!
Found a book of Weapons.
You pick up a book of Weapons and begin reading...
You add the spells Portal Projectile, Excruciating Wounds and Blade Hands to your library.
Your frilled lizard skeleton crumbles into dust!
A kobold comes into view. It is wielding a +0 whip.
You're too inexperienced to learn that spell!
Casting: Animate Skeleton (safe; 3% risk of failure)
Confirm with . or Enter, or press ? or * to list all spells.
Okay, then.
Casting: Animate Skeleton (safe; 3% risk of failure)
Confirm with . or Enter, or press ? or * to list all spells.
Okay, then.
Welcome back, nicknak712 the Demonspawn Necromancer.
Press ? for a list of commands and other information.
Welcome back, nicknak712 the Demonspawn Necromancer.
Press ? for a list of commands and other information.
Unknown command.
Unknown command.
Unknown command.
Clearing monster memory.
There's nothing to close nearby.
Annotate which branch? (. - D:1, ? - help, ! - show branch list)
Okay, then.
Are you sure you want to abandon this character and quit the game? (Confirm with "yes".)

#K #..
.. #.#
.. .#
####.#
#..@.#
#.####
##.#
#..#
#.## #.#
#.# ...#
#### #.#
#....#.#
#... #.#
....#.#


You could see a kobold (asleep).

Vanquished Creatures
  An endoplasm (D:1)
  A ball python (D:1)
  A frilled lizard (D:1)
  A kobold (D:1)
  A rat (D:1)
5 creatures vanquished.

Vanquished Creatures (collateral kills)
  A goblin (D:1)
1 creature vanquished.

Grand Total: 6 creatures vanquished

Notes
Turn   | Place    | Note
-------+----------+-------------------------------------------
     0 | D:1      | nicknak712 the Demonspawn Necromancer began the quest for
                  | the Orb.
     0 | D:1      | Reached XP level 1. HP: 13/13 MP: 3/3
    69 | D:1      | Learned a level 1 spell: Animate Skeleton
   238 | D:1      | Upgraded the game from 0.28-a0-802-g09f76e8c00 to
                  | 0.30-a0-34-gbe8da3892a
   238 | D:1      | Quit the game

Illustrated notes

Levels and vault maps discovered:
D:1:      psy_arrival_spokes, layout_rooms

Skill      XL: |  1 |
---------------+----+-----
Dodging        | 2 |  2.0
Stealth        | |  1.9
Spellcasting   | |  2.0
Necromancy     | |  4.4

Action                   || total
-------------------------++-------
Melee: Unarmed           ||     9
 Cast: Pain              ||     4
       Animate Skeleton  ||     4
Armor: Robe              ||     2
Dodge: Dodged            ||     7

Table legend: (Time is in decaauts)
 A = Elapsed time spent in this place.
 B = Non-inter-level travel time spent in this place.
 C = Inter-level travel time spent in this place.
 D = Time resting spent in this place.
 E = Time spent auto-exploring this place.
 F = Levels seen in this place.
 G = Mean time per level.
                   A        B        C        D        E       F      G
               +--------+--------+--------+--------+--------+-----+--------+
         Total |    237 |    237 |      0 |     80 |      7 |   1 |  237.0 |
       Dungeon |    237 |    237 |      0 |     80 |      7 |   1 |  237.0 |
               +--------+--------+--------+--------+--------+-----+--------+

Top non-repeatable levels by time:
     D:1: 237 daAuts
